 Dungeon Crawl Stone Soup version bcrawl-1.13.1 (webtiles) character file.

Game seed: 7589200322893497998

39 Revguard the Sneak (level 3, -6/26 HPs)
             Began as a Demonspawn Archaeologist on Aug 3, 2019.
             Mangled by a worm (9 damage)
             ... on level 2 of the Dungeon.
             The game lasted 00:03:00 (995 turns).

Revguard the Sneak (Demonspawn Archaeologist)        Turns: 995, Time: 00:03:01

Health: -6/26      AC: 12    Str: 12    XL:     3   Next: 28%
Magic:  3/3        EV: 13    Int: 15    God:
Gold:   129        SH:  0    Dex: 11    Spells: 2/2 levels left

rFire    . . .     SeeInvis .   i - -2 hunting sling (curse)
rCold    . . .     Gourm    .   (no shield)
rNeg     . . .     Faith    .   b - +1 robe
rPois    .         Spirit   .   c - +1 hat
rElec    .         Reflect  .   (no cloak)
rCorr    .         Harm     .   (no gloves)
MR       .....                  d - +1 pair of boots
Stlth    ++........             (no amulet)
HPRegen  0.08/turn              (no ring)
MPRegen  0.08/turn              (no ring)

@: sanguine armour, studying Slings
A: spiny 1, sanguine armour 1
a: no special abilities


You were on level 2 of the Dungeon.
You were hungry.

You visited 1 branch of the dungeon, and saw 2 of its levels.

You collected 129 gold pieces.

Inventory:

Hand Weapons
 i - a cursed -2 hunting sling (weapon)
 l - a +0 mace
Armour
 b - a +1 robe (worn)
 c - a +1 hat (worn)
 d - a +1 pair of boots (worn)
 j - a +0 ring mail
Scrolls
 a - a scroll of teleportation {unknown}
 k - 3 scrolls of identify
Potions
 h - a potion of heal wounds {unknown}
Books
 e - a manual of Slings
Miscellaneous
 f - an ancient crate
Comestibles
 g - 5 rations {!d}


   Skills:
 + Level 1.0 Fighting
 + Level 1.3 Maces & Flails
 * Level 0.3 Slings
 * Level 0.4 Armour
 + Level 3.1 Dodging
 + Level 3.4 Stealth
 * Level 1.0 Evocations


You had 2 spell levels left.
You didn't know any spells.
Your spell library was empty.

Dungeon Overview and Level Annotations

Branches:
Dungeon (2/12)

Altars:


Innate Abilities, Weirdness & Mutations

You are partially covered in sharp spines.
When seriously injured, your bleeding wounds create armour. (AC +6)


Message History

You clumsily bash the worm but do no damage.
The worm is lightly wounded.
You clumsily bash the worm but do no damage.
The worm is lightly wounded.
You are feeling hungry.
The worm is struck by your spines. The worm misses you.
You clumsily bash the worm but do no damage.
The worm is lightly wounded.
The worm is struck by your spines. The worm completely misses you.
You clumsily bash the worm but do no damage.
The worm is moderately wounded.
The worm is struck by your spines. The worm bites you!
* * * LOW HITPOINT WARNING * * *
You clumsily bash the worm but do no damage.
The worm is moderately wounded.
The worm closely misses you.
You clumsily bash the worm but do no damage.
The worm is moderately wounded.
The worm bites you!
You die...

.##.......##.......# .....
.#....###......###.# .....
.+....# #......#...# ...
##...†###......#.#.## ...
+..............#.#..# #'#
##..........)†......### #.#
.'..w........)...#....######)##
##.......####'####..#.#.......#
#.......##...)w@...#.'.....).#
#.......##....########.......#
#....#####....# #.......#
###### #....# #.......# ######
#.......# ######'## #.# #.#
###.####


You could see a worm.

Vanquished Creatures
  An ooze (D:1)
  A leopard gecko (D:1)
  5 bats
  4 goblins
  7 hobgoblins
  7 kobolds
  A quokka (D:2)
  4 frilled lizards
  3 rats
33 creatures vanquished.

Notes
Turn   | Place    | Note
-------+----------+-------------------------------------------
     0 | D:1      | Revguard the Demonspawn Archaeologist began the quest for
                  | the Orb.
     0 | D:1      | Reached XP level 1. HP: 15/15 MP: 1/1
   379 | D:1      | Gained mutation: You are partially covered in sharp spines.
                  | [demonic ancestry]
   379 | D:1      | Reached XP level 2. HP: 18/21 MP: 2/2
   546 | D:1      | Reached skill level 1 in Maces & Flails
   842 | D:2      | Gained mutation: When seriously injured, your bleeding
                  | wounds create armour. (AC +6) [demonic ancestry]
   842 | D:2      | Reached XP level 3. HP: 26/26 MP: 3/3
   968 | D:2      | Reached skill level 1 in Evocations
   995 | D:2      | Mangled by a worm

Skill      XL: |  1  2  3 |
---------------+----------+-----
Dodging        | 3 |  3.1
Maces & Flails | 1 |  1.3
Evocations     | 1 |  1.0
Fighting       | |  1.0
Slings         | |  0.3
Armour         | |  0.4
Stealth        | |  3.4

Action                   || total
-------------------------++-------
Melee: Whip              ||    64
       Mace              ||    42
       Hunting sling     ||    19
  Use: Scroll            ||     3
Armor: Robe              ||    36
Dodge: Dodged            ||    85
